 Dungeon Crawl Stone Soup version 0.29.0-5-ge4962eb29e (webtiles) character file.

Game seed: 7628113553780820251

774 Renzlar the Shield-Bearer (level 7, 0/60 HPs)
             Began as a Gnoll Fighter on Aug 30, 2022.
             Succumbed to an orc wizard's poison
             ... on level 5 of the Dungeon.
             The game lasted 00:12:32 (3736 turns).

Renzlar the Shield-Bearer (Gnoll Fighter)           Turns: 3736, Time: 00:12:33

Health: 0/60       AC: 15    Str: 17    XL:     7   Next: 84%
Magic:  11/11      EV:  7    Int:  8    God:
Gold:   246        SH:  5    Dex: 11    Spells: 11/11 levels left

rFire   . . .      SeeInvis .   a - +2 war axe
rCold   . . .      Faith    .   j - +0 buckler
rNeg    . . .      Spirit   .   o - +0 chain mail
rPois   .          Reflect  .   g - +2 helmet
rElec   .          Harm     .   t - +0 cloak
rCorr   .          Rampage  .   (no gloves)
Will    +....                   (no boots)
Stlth   ..........              (no amulet)
HPRegen 0.20/turn               f - ring of willpower
MPRegen 0.12/turn               (no ring)

@: lethally poisoned (0 -> -3)
A: fangs 1, strong nose, distributed training
a: no special abilities


You were on level 5 of the Dungeon.
You visited 1 branch of the dungeon, and saw 5 of its levels.

You collected 246 gold pieces.

Inventory:

Hand Weapons
 a - a +2 war axe (weapon)
 c - a +0 sling
 h - a +0 trident of venom
 i - a +2 dagger of freezing
Missiles
 e - 2 throwing nets (quivered)
 p - 4 poisoned darts
Armour
 b - a +0 scale mail
 g - a +2 helmet (worn)
 j - a +0 buckler (worn)
 o - a +0 chain mail (worn)
 t - a +0 cloak (worn)
Jewellery
 f - a ring of willpower (left hand)
Wands
 l - a wand of paralysis (7)
 m - a wand of flame (15)
Scrolls
 k - 2 scrolls of fear
 n - a scroll of amnesia
 r - a scroll of magic mapping
Potions
 d - a potion of might


   Skills:
 + Level 7.2 Fighting
 + Level 2.8 Short Blades
 + Level 2.8 Long Blades
 + Level 5.4 Axes
 + Level 2.8 Maces & Flails
 + Level 2.8 Polearms
 + Level 2.8 Staves
 + Level 2.8 Ranged Weapons
 + Level 2.8 Throwing
 + Level 7.2 Armour
 + Level 2.8 Dodging
 + Level 2.8 Stealth
 + Level 7.2 Shields
 + Level 2.8 Unarmed Combat
 + Level 2.8 Spellcasting
 + Level 2.3 Conjurations
 + Level 2.3 Hexes
 + Level 2.3 Summonings
 + Level 2.3 Necromancy
 + Level 2.3 Translocations
 + Level 2.3 Transmutations
 + Level 2.3 Fire Magic
 + Level 2.3 Ice Magic
 + Level 2.3 Air Magic
 + Level 2.3 Earth Magic
 + Level 2.3 Poison Magic
 + Level 3.1 Invocations
 + Level 2.8 Evocations


You had 11 spell levels left.
You didn't know any spells.
Your spell library contained the following spells:

 Spells                   Type           Power      Damage    Failure   Level
 Gell's Gravitas          Tloc           4%         N/A       99%         3
 Ignite Poison            Fire/Tmut/Pois 4%         N/A       99%         3
 Lesser Beckoning         Tloc           4%         N/A       99%         3
 Mephitic Cloud           Conj/Pois/Air  4%         N/A       99%         3
 Teleport Other           Tloc           4%         N/A       99%         3
 Freezing Cloud           Conj/Ice/Air   2%         6-21      100%        5


Dungeon Overview and Level Annotations

Branches:
Dungeon (5/15)
 Temple: D:4-7

Altars:


Innate Abilities, Weirdness & Mutations

You have very sharp teeth.
Your uncanny sense of smell can sniff out nearby items.
Your experience applies equally to all skills.


Message History

You feel a bit more experienced.
* * * LOW HITPOINT WARNING * * *
You feel very sick.
The scorpion stings you but does no damage.
Unknown command.
You hit the scorpion.
You bite the scorpion, but do no damage.
The scorpion is lightly wounded.
* * * LOW HITPOINT WARNING * * *
You feel very sick. You block the scorpion's attack.
Unknown command.
You hit the scorpion.
The scorpion is lightly wounded.
* * * LOW HITPOINT WARNING * * *
You feel very sick.
The scorpion stings you but does no damage.
The scorpion barely misses you.
Unknown command.
You barely miss the scorpion.
The scorpion is lightly wounded.
* * * LOW HITPOINT WARNING * * *
You feel sick. You block the scorpion's attack.
Unknown command.
Your magical effects are unravelling.
You feel magically purged.
You float gracefully downwards.
* * * LOW HITPOINT WARNING * * *
You feel sick. You block the scorpion's attack.
Unknown command.
You hit the scorpion but do no damage.
The scorpion is lightly wounded.
* * * LOW HITPOINT WARNING * * *
You feel sick. The scorpion stings you.
* * * LOW HITPOINT WARNING * * *
The scorpion stings you but does no damage.
Unknown command.
You barely miss the scorpion.
You bite the scorpion, but do no damage.
The scorpion is lightly wounded.
You die...

...∆ ..#
#.# #.# #.#
#.# #s# #@#
### #####.#
#.# #.....#
#.# #.#####
#.# #.#
#.#######.#
#.........#
#.#########
#.#


You could see a scorpion.

Vanquished Creatures
  Grinder (D:4)
  A black bear (D:4)
  2 ogres
  A hound (D:4)
  2 iguanas
  An orc wizard (D:5)
  Natasha (D:2)
  Robin (D:2)
  An adder (D:4)
  5 gnolls
  An ufetubus (D:4)
  4 worms
  A dart slug (D:3)
  8 orcs
  9 endoplasms
  3 giant cockroaches
  14 goblins
  13 hobgoblins
  8 jackals (D:1)
  3 quokkas
  5 ball pythons
  6 bats
  2 frilled lizards
  3 kobolds (D:4)
  7 rats
103 creatures vanquished.

Vanquished Creatures (others)
  6 fungi (D:3)
6 creatures vanquished.

Grand Total: 109 creatures vanquished

Notes
Turn   | Place    | Note
-------+----------+-------------------------------------------
     0 | D:1      | Renzlar the Gnoll Fighter began the quest for the Orb.
     0 | D:1      | Reached XP level 1. HP: 23/23 MP: 1/1
   200 | D:1      | Reached XP level 2. HP: 23/29 MP: 2/2
   433 | D:1      | Reached XP level 3. HP: 32/35 MP: 3/3
   706 | D:1      | Found a faded altar of an unknown god.
   828 | D:2      | Noticed Robin
   838 | D:2      | Reached skill level 1 in Invocations
   931 | D:2      | Killed Robin
   932 | D:2      | Reached skill level 1 in Short Blades
   932 | D:2      | Reached skill level 1 in Long Blades
   932 | D:2      | Reached skill level 1 in Maces & Flails
   932 | D:2      | Reached skill level 1 in Polearms
   932 | D:2      | Reached skill level 1 in Staves
   932 | D:2      | Reached skill level 1 in Ranged Weapons
   932 | D:2      | Reached skill level 1 in Throwing
   932 | D:2      | Reached skill level 1 in Dodging
   932 | D:2      | Reached skill level 1 in Stealth
   932 | D:2      | Reached skill level 1 in Unarmed Combat
   932 | D:2      | Reached skill level 1 in Spellcasting
   932 | D:2      | Reached skill level 1 in Evocations
  1027 | D:2      | Reached XP level 4. HP: 41/41 MP: 5/5
  1173 | D:2      | Noticed Natasha
  1180 | D:2      | Killed Natasha
  1181 | D:2      | Reached skill level 1 in Conjurations
  1181 | D:2      | Reached skill level 1 in Hexes
  1181 | D:2      | Reached skill level 1 in Summonings
  1181 | D:2      | Reached skill level 1 in Necromancy
  1181 | D:2      | Reached skill level 1 in Translocations
  1181 | D:2      | Reached skill level 1 in Transmutations
  1181 | D:2      | Reached skill level 1 in Fire Magic
  1181 | D:2      | Reached skill level 1 in Ice Magic
  1181 | D:2      | Reached skill level 1 in Air Magic
  1181 | D:2      | Reached skill level 1 in Earth Magic
  1181 | D:2      | Reached skill level 1 in Poison Magic
  1596 | D:3      | Reached XP level 5. HP: 47/47 MP: 7/7
  2507 | D:4      | Reached XP level 6. HP: 46/53 MP: 8/8
  2533 | D:4      | Reached skill level 5 in Axes
  2655 | D:4      | Noticed Grinder
  2678 | D:4      | Paralysed by Grinder for 4 turns
  2682 | D:4      | Killed Grinder
  2683 | D:4      | Reached XP level 7. HP: 55/60 MP: 8/10
  3641 | D:5      | Entered Level 5 of the Dungeon
  3735 | D:5      | HP: 3/60 [poisoned by an orc wizard]
  3735 | D:5      | HP: 1/60 [scorpion (2)]
  3736 | D:5      | Succumbed to an orc wizard's poison

Illustrated notes

Levels and vault maps discovered:
D:1:      minmay_arrival_arboretum_small, layout_loops_cross,
          shapermc_ecumenical_altar_hornbeckon
D:2:      layout_rooms, amethyst_killhole, kennysheep_generic_room_15,
          uniq_robin, uniq_natasha
D:3:      layout_rooms, dreamdust_mushroom_princess
D:4:      layout_basic, uniq_grinder
D:5:      layout_basic, nemelex_altar_shiori, minmay_temple_entry_tees

Skill      XL: |  1  2  3  4  5  6  7 |
---------------+----------------------+-----
Invocations    | 1 2 3 |  3.1
Short Blades   | 1 2 |  2.8
Long Blades    | 1 2 |  2.8
Maces & Flails | 1 2 |  2.8
Polearms       | 1 2 |  2.8
Staves         | 1 2 |  2.8
Ranged Weapons | 1 2 |  2.8
Throwing       | 1 2 |  2.8
Dodging        | 1 2 |  2.8
Stealth        | 1 2 |  2.8
Unarmed Combat | 1 2 |  2.8
Spellcasting   | 1 2 |  2.8
Evocations     | 1 2 |  2.8
Conjurations   | 1 2 |  2.3
Hexes          | 1 2 |  2.3
Summonings     | 1 2 |  2.3
Necromancy     | 1 2 |  2.3
Translocations | 1 2 |  2.3
Transmutations | 1 2 |  2.3
Fire Magic     | 1 2 |  2.3
Ice Magic      | 1 2 |  2.3
Air Magic      | 1 2 |  2.3
Earth Magic    | 1 2 |  2.3
Poison Magic   | 1 2 |  2.3
Axes           | 5 |  5.4
Fighting       | 7 |  7.2
Armour         | 7 |  7.2
Shields        | 7 |  7.2

Action                   |  1- 3 |  4- 6 |  7- 9 || total
-------------------------+-------+-------+-------++-------
Melee: War axe           |    77 |   102 |    61 ||   240
       Bite              |     6 |     4 |     9 ||    19
       Trident           |       |     9 |       ||     9
 Fire: Sling             |     1 |    87 |    17 ||   105
  Use: Scroll            |     2 |     7 |     3 ||    12
       Potion            |       |       |     2 ||     2
 Stab: Distracted        |     1 |       |       ||     1
Armor: Scale mail        |    48 |    21 |       ||    69
       Chain mail        |       |    25 |    41 ||    66
Dodge: Dodged            |    48 |    42 |    21 ||   111
Block: Buckler           |    25 |    31 |    21 ||    77
